 Dungeon Crawl Stone Soup version 0.18-a0-1789-gbeff17f (webtiles) character file.

1202 SkaryMonk the Geomancer (level 8, 0/46 HPs)
             Began as an Octopode Earth Elementalist on Apr 21, 2016.
             Was an Initiate of Gozag.
             Killed by blast of rock fragments (25 damage)
             ... on level 5 of the Dungeon.
             The game lasted 00:22:26 (4927 turns).

SkaryMonk the Geomancer (OpEE)                      Turns: 4927, Time: 00:22:28

Health: 0/46       AC:  1    Str:  7    XL:     8   Next: 44%
Magic:  2/11       EV: 12    Int: 20    God:    Gozag
Gold:   487        SH:  0    Dex: 12    Spells: 4 memorised, 0 levels left

rFire  . . .     SeeInvis .     s - +0 quarterstaff
rCold  . . .     Gourm    .     (shield currently unavailable)
rNeg   . . .     Faith    .     (helmet restricted)
rPois  .         Spirit   .     (no amulet)
rElec  .         Dismiss  .     (no ring)
rCorr  .         Reflect  .     (no ring)
SustAt .         Harm     .     (no ring)
MR     .....                    (no ring)
Stlth  +++.......               (no ring)
                                (no ring)
                                (no ring)
                                (no ring)

@: gold aura, not resistant to hostile enchantments, fairly stealthy
A: almost no armour, amphibious, 8 rings, constrict 8, camouflage 1, gelatinous
body 1
a: Potion Petition, Call Merchant, Bribe Branch, Renounce Religion


You were on level 5 of the Dungeon.
You worshipped Gozag.
Gozag was noncommittal.
You were not hungry.

You visited 1 branch of the dungeon, and saw 5 of its levels.

You collected 520 gold pieces.
You paid 33 gold pieces to Gozag.

Notes
Turn   | Place    | Note
--------------------------------------------------------------
     0 | D:1      | SkaryMonk the Octopode Earth Elementalist began the quest for the Orb.
     0 | D:1      | Reached XP level 1. HP: 11/11 MP: 3/3
   382 | D:1      | Reached XP level 2. HP: 17/17 MP: 3/5
   863 | D:2      | Noticed Terence
  1186 | D:2      | Reached XP level 3. HP: 14/21 MP: 6/6
  1466 | D:2      | Reached skill level 4 in Earth Magic
  1722 | D:2      | Killed Terence
  1722 | D:2      | Reached XP level 4. HP: 27/27 MP: 0/7
  2010 | D:3      | Noticed Sigmund
  2178 | D:3      | Reached skill level 5 in Earth Magic
  2182 | D:3      | Learned a level 2 spell: Passwall
  2253 | D:3      | Found an iron altar of Okawaru.
  2609 | D:3      | Found an opulent altar of Gozag.
  2618 | D:3      | Became a worshipper of Gozag Ym Sagoz the Greedy
  2641 | D:3      | Reached XP level 5. HP: 31/31 MP: 8/8
  2682 | D:3      | Killed Sigmund
  2682 | D:3      | Reached skill level 6 in Earth Magic
  2682 | D:3      | Reached XP level 6. HP: 19/36 MP: 3/9
  2829 | D:3      | Reached skill level 7 in Earth Magic
  2957 | D:4      | Learned a level 3 spell: Stone Arrow
  3025 | D:4      | Reached XP level 7. HP: 41/41 MP: 3/10
  3591 | D:4      | Reached skill level 8 in Earth Magic
  3980 | D:5      | Entered Level 5 of the Dungeon
  3994 | D:5      | Found an ancient bone altar of Kikubaaqudgha.
  3994 | D:5      | Noticed a human
  3997 | D:5      | Killed a human
  4027 | D:5      | Reached skill level 9 in Earth Magic
  4027 | D:5      | Reached XP level 8. HP: 18/46 MP: 4/11
  4034 | D:5      | Learned a level 5 spell: Lee's Rapid Deconstruction
  4536 | D:5      | Found Eneigosy's Distillery.
  4883 | D:5      | Reached skill level 1 in Staves
  4927 | D:5      | Killed by blast of rock fragments

Inventory:

Hand Weapons
 b - a +3 mace of protection
 s - a +0 quarterstaff (weapon)
Missiles
 a - 105 stones (quivered)
Armour
 m - a +1 buckler
 t - a +0 leather armour
Jewellery
 i - an uncursed ring of ice
 k - an uncursed ring of sustain attributes {unknown}
 v - an uncursed ring of stealth {unknown}
 y - an uncursed ring of stealth {unknown}
 z - a +4 amulet of reflection {unknown}
Wands
 w - a wand of polymorph (10/24)
 x - a wand of lightning (7/15)
Scrolls
 d - a scroll of fear
 p - 3 scrolls of enchant armour
Potions
 e - 3 potions of berserk rage {unknown}
 f - 6 potions of curing
 l - a potion of flight {unknown}
 o - 2 potions of heal wounds {unknown}
 q - a potion of mutation {unknown}
 r - a potion of magic {unknown}
 B - a potion of agility {unknown}
Books
 j - a book of Geomancy

   Spells                             Type                      Level
   a - Sandblast                      Earth                        1
   b - Passwall                       Transmutation/Earth          2
   c - Stone Arrow                    Conjuration/Earth            3
   d - Petrify                        Transmutation/Earth          4
   e - Lee's Rapid Deconstruction     Earth                        5
Comestibles
 c - 4 bread rations
 u - 2 meat rations

Table legend:
 A = Turns spent in this place as a percentage of turns spent in the entire game.
 B = Non-inter-level travel turns spent in this place as a percentage of non-inter-level travel turns spent in the entire game.
 C = Inter-level travel turns spent in this place as a percentage of turns spent in this place.
 D = Turns resting spent in this place as a percentage of non-inter-level travel turns spent in this place.
 E = Turns spent auto-exploring this place as a percentage of non-inter-level travel turns spent in this place.
 F = Non-inter-level travel turns spent in this place divided by the number of levels of this place that you've seen.
                   A       B       C       D       E      F
               +-------+-------+-------+-------+-------+----------------------
         Total | 100.0 | 100.0 |   0.7 |   2.6 |  14.9 | 206.0
       Dungeon | 100.0 | 100.0 |   0.7 |   2.6 |  14.9 | 206.0
               +-------+-------+-------+-------+-------+----------------------


   Skills:
 + Level 1.9 Staves
 - Level 2.1 Dodging
 - Level 3.0 Stealth
 - Level 2.0 Spellcasting
 - Level 1.0 Transmutations
 - Level 9.9 Earth Magic


You couldn't memorise any spells.
You knew the following spells:

 Your Spells              Type           Power        Failure   Level  Hunger
a - Sandblast             Erth           #####.       1%          1    #......
b - Passwall              Trmt/Erth      ###.......   2%          2    ##.....
c - Stone Arrow           Conj/Erth      ###...       8%          3    ###....
d - Lee's Rapid Deconstr  Erth           #####.....   10%         5    ######.


Dungeon Overview and Level Annotations

Branches:
Dungeon (5/15)
 Temple: D:4-7

Altars:
Gozag
Kikubaaqudgha
Okawaru

Shops:
D:5 !


Innate Abilities, Weirdness & Mutations

You cannot wear most types of armour.
You are amphibious.
You can wear up to eight rings at the same time.
You can use your tentacles to constrict eight enemies at once.
Your skin changes colour to match your surroundings (Stealth).
Your rubbery body absorbs attacks (AC +1).


Message History

You hit the orc wizard.
The orc shouts! x2
Your grab misses the orc wizard. Your squeeze misses the orc wizard.
The orc wizard is lightly wounded.
The orc wizard mumbles some strange words.
The orc wizard blinks!
Casting: Stone Arrow
Confirm with . or Enter, or press ? or * to list all spells.
Aiming: Lee's Rapid Deconstruction
Press: ? - help, Dir - move target cursor That beam is likely to hit you.
Continue anyway?
The wall shatters!
The blast of rock fragments hits the orc wizard.
You kill the orc wizard!
The blast of rock fragments hits the orc.
You kill the orc!
The blast of rock fragments hits you!
Ouch! That really hurt!
You die...
Your body crumbles into a pile of gold.

.........# #.#. ...
#...................# #.#. ....
#............#####.## #.#.
....##............#####.######.#.
...o.............................
............... ..#####.###.##.##
....... ...... #.# #.##.#
.......###.###.########.###.##.##
#.....o..$$@.....#........#.
#.........o......#####.####.
#..............<..........#<
#................###.#.##.#.
####.>.......8..∩..8.#.##.#.
#.............#.###.##.#.
#######..........##.##.#.
#......(...##.##.#.
#..........##.##.#.


You could see 2 orcs.

Table legend:
 A = Kills in this place as a percentage of kills in entire the game.
 B = Kills by you in this place as a percentage of kills by you in the entire game.
 C = Kills by friends in this place as a percentage of kills by friends in the entire game.
 D = Other kills in this place as a percentage of other kills in the entire game.
 E = Experience gained in this place as a percentage of experience gained in the entire game.
 F = Experience gained in this place divided by the number of levels of this place that you have seen.
                   A       B       C       D       E      F
               +-------+-------+-------+-------+-------+----------------------
         Total | 100.0 | 100.0 |  -nan |  -nan | 100.0 | 343.6
       Dungeon | 100.0 | 100.0 |  -nan |  -nan | 100.0 | 343.6
               +-------+-------+-------+-------+-------+----------------------

Vanquished Creatures
  Sigmund (D:3)
  A phantom (D:5)
  A centaur (D:5)
  A scorpion (D:4)
  2 howler monkeys (D:4)
  A crimson imp (D:5)
  4 hounds
  5 orc priests
  5 orc wizards
  Terence (D:2)
  An iguana (D:5)
  4 worker ants
  A howler monkey skeleton (D:4)
  6 adders
  An adder zombie (D:4)
  A worm (D:3)
  3 dart slugs
  2 giant geckos
  13 orcs
  2 ball pythons
  A giant cockroach (D:5)
  5 goblins
  8 hobgoblins
  2 jackals (D:5)
  2 kobolds
  3 quokkas
  6 bats
  5 giant newts
  A quokka skeleton (D:5)
  10 rats
99 creatures vanquished.

Vanquished Creatures (others)
  A human (D:5)
1 creature vanquished.

Grand Total: 100 creatures vanquished

Action                   |  1- 3 |  4- 6 |  7- 9 || total
-------------------------+-------+-------+-------++-------
Melee: Unarmed           |    10 |       |       ||    10
       Constrict         |     7 |     7 |    13 ||    27
       Mace              |     9 |       |    32 ||    41
       Tentacles         |     4 |       |     5 ||     9
       Dagger            |     5 |    37 |       ||    42
       Quarterstaff      |       |       |    19 ||    19
 Cast: Sandblast         |    39 |    25 |    43 ||   107
       Stone Arrow       |       |       |     2 ||     2
  Use: Scroll            |     3 |     2 |     6 ||    11
       Potion            |       |     1 |       ||     1
 Stab: Sleeping          |     1 |     7 |     3 ||    11
       Distracted        |       |       |     2 ||     2
  Eat: Chunk             |     3 |     3 |       ||     6
       Fruit             |       |       |     2 ||     2
       Beef jerky        |       |       |     2 ||     2
       Meat ration       |       |       |     1 ||     1
Armor: Skin              |     2 |     3 |    17 ||    22
Dodge: Dodged            |    26 |    17 |    41 ||    84

Vault maps used:
D:1:      scummos_arrival_gate
D:2:      uniq_terence
D:3:      wad_crossroads, overflow_temple_1_default, first_bread,
          okawaru_gym_becter, uniq_sigmund
D:4:      hangedman_minor_gate_pass
D:5:      serial_shops, shop_statue, tgw_kikubaaqudgha
